[Event "*** Titled Tuesday 3|2 Blitz"]
[Site "Chess.com"]
[Date "2016.08.02"]
[Round "9"]
[White "Yaacovn"]
[Black "viditchess"]
[Result "1-0"]
[WhiteElo "2617"]
[BlackElo "2536"]
[TimeControl "180+2"]
[EndTime "13:04:48 PDT"]
[Termination "Yaacovn won by resignation"]

1. d4 Nf6 2. Nf3 d5 3. c4 e6 4. Nc3 Bb4 5. cxd5 exd5 6. Bg5 h6 7. Bxf6 Qxf6 8. Qa4+ Nc6 9. e3 O-O 10. Bb5 Bxc3+ 11.
bxc3 Ne7 12. O-O Be6 13. Rab1 Nc8 14. Ne5 c6 15. Bd3 Nd6 16. Qb4 Qd8 17. a4 f6 18. Ng6 Re8 19. Nf4 Bf7 20. Qb2 Qa5 21. Qc2 g5 22. Ne2 Re7 23. Ng3 Rc8 24. Bg6 Be6 25.
Nh5 Rf8 26. Bd3 f5 27. f3 Bf7 28. Ng3 Rxe3 29. Nxf5 Nxf5 30. Bxf5 Rxc3 31. Qd2 b6 32. h4 Rc4 33. Qf2 Qc3 34. Rfd1 Qa3 35. Rd3 Qd6 36. Re1 c5 37. hxg5 hxg5 38. dxc5 bxc5 39. Rde3 Rf4 40.
Bb1 Qh6 41. Re5 Kh8 42. g3 Rf6 43. Kg2 Bh5 44. f4 gxf4 45. g4 Rg8 46. Rh1 Rxg4+ 47. Kf1 Rg5 48. Qb2 d4 49. Qb8+ Rf8 50. Qxf8+ Qxf8 51.
Rxg5 1-0

[Event "*** Titled Tuesday 3|2 Blitz"]
[Site "Chess.com"]
[Date "2016.08.02"]
[Round "9"]
[White "awb2001"]
[Black "Maitreia"]
[Result "1-0"]
[WhiteElo "2328"]
[BlackElo "2353"]
[TimeControl "180+2"]
[EndTime "13:05:10 PDT"]
[Termination "awb2001 won on time"]

1. e4 a6 2. d4 b5 3. Nf3 Bb7 4. Bd3 Nf6 5. Qe2 e6 6. O-O c5 7. c3 Nc6 8. Bg5 Be7 9. Nbd2 h6 10. Bxf6 gxf6 11. Rad1 cxd4 12. cxd4 Qb6 13. Nb3 h5 14. Rc1 Rc8 15. d5 Ne5 16. Nxe5 fxe5 17. Rxc8+ Bxc8 18. Rc1 Bb7 19. dxe6 dxe6 20. Qd2 Rg8 21.
Qa5 Bd8 22. Qc3 h4 23. Qxe5 h3 24. g3 Be7 25. Qb8+ Bd8 26. Nc5 Bc6 27. Qxb6 Bxb6 28. Nxa6 Kd7 29. Nb4 Bb7 30. Bxb5+ Ke7 31. Bc6 Rc8 32. Rc2 Rd8 33. Kf1 Bc8 34. Ke2 Rd4 35. a3 Kf6 36. f3 Kg5 37. Rd2 Rc4 38. Nd3 Ba6 39. Kd1 Rxc6 40. Nb4 Bb5 41. Nxc6 Bxc6 42.
b3 Be3 43. Re2 Bg1 44. a4 Bd7 45. Rd2 Bc6 46. a5 Bb5 47. Rc2 f5 48. Ke1 Be3 49.
f4+ Kg4 50. exf5 exf5 51. Rc3 Kf3 52. b4 Ba6 53. Rb3 1-0

[Event "*** Titled Tuesday 3|2 Blitz"]
[Site "Chess.com"]
[Date "2016.08.02"]
[Round "9"]
[White "Makalexa"]
[Black "Andrejkin"]
[Result "1-0"]
[WhiteElo "2191"]
[BlackElo "2226"]
[TimeControl "180+2"]
[EndTime "13:05:20 PDT"]
[Termination "Makalexa won by resignation"]

1. e4 e5 2. Nf3 Nc6 3. Bb5 a6 4. Ba4 Nf6 5. O-O Be7 6. Re1 b5 7.
Bb3 d6 8. c3 O-O 9. h3 Na5 10.
Bc2 c5 11. d4 cxd4 12. cxd4 Qc7 13. Nc3 Bb7 14. d5 Nc4 15. Bb3 Nd7 16. a4 b4 17. Ne2 Na5 18. Ba2 Nc5 19. Ng3 g6 20. Bh6 Rfc8 21. b3 Bf6 22. Rc1 Bg7 23. Bd2 Qb6 24.
Be3 Rc7 25. Re2 Rac8 26. Rec2 Ba8 27. Nd2 Bb7 28. Nc4 Nxc4 29. Rxc4 a5 30. Bb1 Ba6 31. R4c2 Bb7 32. Nf1 Ba6 33. Nd2 f6 34. Nc4 Bxc4 35.
Rxc4 Kf7 36. Bd3 Kg8 37. Be2 Kf7 38. Bg4 Rd8 39. Be6+ Ke7 40. Qc2 f5 41. exf5 gxf5 42. Qxf5 Rf8 43. Bg5+ Bf6 44. Qxh7+ Kd8 45. Bxf6+ Rxf6 46.
Qh8+ Ke7 47. Qg7+ Ke8 48. Qg8+ Rf8 49. Qg6+ Ke7 50. Rh4 Kd8 51. Qg5+ Re7 52. Rh7 Qc7 53.
f3 Re8 54. Bf7 Rf8 55. Bh5 Re8 56. Bxe8 Kxe8 57. Qg8+ Kd7 58. Qe6+ Nxe6 59. dxe6+ Kd8 60. Rxc7 Rxc7 61. Rxc7 Kxc7 62. h4 Kd8 63. h5 Ke7 64. h6 Kxe6 65. h7 1-0

[Event "*** Titled Tuesday 3|2 Blitz"]
[Site "Chess.com"]
[Date "2016.08.02"]
[Round "9"]
[White "stefanodinn"]
[Black "Kawhi_Leonard2"]
[Result "1/2-1/2"]
[WhiteElo "2236"]
[BlackElo "2110"]
[TimeControl "180+2"]
[EndTime "13:05:23 PDT"]
[Termination "Game drawn by agreement"]

1. e4 c5 2. Ne2 d6 3. d4 cxd4 4. Nxd4 Nf6 5. f3 Nc6 6. c4 Nxd4 7. Qxd4 g6 8. Nc3 Bg7 9. Be3 O-O 10. Qd2 Bd7 11.
Be2 Bc6 12. O-O a5 13. b3 Nd7 14. Rab1 Nc5 15. Rfc1 e6 16. Nb5 Bxb5 17. cxb5 b6 18. Rd1 Be5 19. f4 Bg7 20. Bf3 Qd7 21. Qxd6 Qxb5 22.
e5 Rac8 23. Rbc1 Rfe8 24. Qd2 Bf8 25. Qe2 Qxe2 26. Bxe2 Be7 27. Bb5 Red8 28. Kf1 f6 29.
exf6 Bxf6 30. Ke2 Kf7 31. Rxd8 Bxd8 32. a3 Rc7 33. b4 axb4 34. axb4 Ne4 35. Rxc7+ Bxc7 36. Kd3 Nf6 37. Bc6 Ke7 38. Kc4 Ng4 39. Bg1 Bxf4 40.
h3 Ne5+ 41. Kb5 Kd6 42. Be4 Nd7 43. Bxb6 Nxb6 44. Kxb6 Be3+ 45. Kb7 e5 46. Bf3 h6 47. Be4 g5 48. b5 h5 49. Ka6 Kc7 50. Bf3 h4 51.
Be4 Bb6 52. Bf3 Bc5 53. Be4 Bb6 54. Bf3 Bc5 55. Ka5 Bb6+ 56. Kb4 Bd4 57. Kc4 Kb6 58. Bc6 Be3 59. Kd5 Bf4 60. Ke4 Kc7 61.
Kd5 Kb6 62. Ke6 Kc7 63. Kf5 Kb6 64. Ke4 Kc7 65. Kd5 Kb6 66. Ke6 Kc7 67. Be4 Kb6 68. Bd3 Kc7 69. Kd5 Kb6 70. Ke4 Kc5 71. Kf3 1/2-1/2

[Event "*** Titled Tuesday 3|2 Blitz"]
[Site "Chess.com"]
[Date "2016.08.02"]
[Round "9"]
[White "Hieronymus00"]
[Black "WanderingPuppet"]
[Result "1/2-1/2"]
[WhiteElo "2151"]
[BlackElo "2259"]
[TimeControl "180+2"]
[EndTime "13:05:28 PDT"]
[Termination "Game drawn by repetition"]

1. e4 c5 2. Nf3 d6 3. d4 cxd4 4. Nxd4 Nf6 5. Nc3 a6 6. Bg5 e6 7.
f4 Bd7 8. Qf3 Nc6 9. O-O-O Qa5 10.
Nb3 Qc7 11. g4 Be7 12. Bd3 h6 13. Bxf6 Bxf6 14. e5 dxe5 15. Ne4 Be7 16. f5 O-O-O 17. Rhe1 Rhf8 18. Qf2 Kb8 19. Kb1 Nd4 20. Nxd4 exd4 21. Qxd4 exf5 22. gxf5 Bxf5 23. Qxg7 Be6 24. Nc3 Bb4 25.
Qe5 Bxc3 26. Qxc3 Qxc3 27. bxc3 Rg8 28. Re5 Rg5 29. Rde1 Rdg8 30. h4 Rg1 31. Kb2 Rxe1 32. Rxe1 Rg4 33. h5 Rh4 34. Re5 Kc7 35. Be2 Kd6 36.
Re3 Ra4 37. c4 Bxc4 38. Bxc4 Rxc4 39. Rf3 Ke6 40. Kb3 Rh4 41. Re3+ Kd6 42. Rd3+ Kc6 43. Rf3 Rxh5 44. Rxf7 Rb5+ 45. Kc3 h5 46. Rh7 Rd5 47. a3 a5 48. a4 b6 49. Kb3 Kc5 50. Rh6 Rg5 51.
Rh7 b5 52. axb5 Kxb5 53. Rb7+ Kc6 54. Rh7 Rg3+ 55. c3 Rg5 56. Kc4 Rg4+ 57. Kb3 h4 58. Rh5 Kb6 59. c4 a4+ 60. Kxa4 Rxc4+ 61. Kb3 Rg4 62.
Kc3 Kc6 63. Kd3 Kd6 64. Ke3 Ke6 65. Kf3 Rg3+ 66. Kf2 Rg4 67. Kf3 Rg3+ 68. Kf2 Rg4 69. Kf3 Rg3+ 1/2-1/2

[Event "*** Titled Tuesday 3|2 Blitz"]
[Site "Chess.com"]
[Date "2016.08.02"]
[Round "9"]
[White "1stSecond"]
[Black "sandropozo"]
[Result "1/2-1/2"]
[WhiteElo "2534"]
[BlackElo "2389"]
[TimeControl "180+2"]
[EndTime "13:06:07 PDT"]
[Termination "Game drawn by stalemate"]

1. d4 e6 2. c4 Bb4+ 3. Nc3 f5 4. g3 Nf6 5. Bg2 O-O 6. Bd2 d6 7. e3 Qe7 8. Nge2 c6 9. O-O e5 10. Nd5 Nxd5 11. cxd5 Bxd2 12. Qxd2 e4 13. dxc6 Nxc6 14.
Rac1 Qf7 15. f3 exf3 16. Bxf3 Bd7 17. Nf4 Kh8 18. Bd5 Qe7 19. Rce1 Rae8 20. Qg2 Qf6 21. a3 g5 22. Nd3 Qg6 23. Nb4 Nxb4 24. axb4 Bb5 25.
Rf3 Re7 26. Qc2 f4 27. Qxg6 hxg6 28. Kf2 Kg7 29. exf4 Rxe1 30. Kxe1 Re8+ 31. Kd2 Re2+ 32. Kc1 g4 33. Rc3 Rxh2 34. Rc7+ Kf8 35. Rf7+ Ke8 36. Rxb7 Bd3 37. Rxa7 Rc2+ 38. Kd1 Rxb2 39. Rb7 Kd8 40. Be6 Be4 41. Rd7+ Ke8 42. Rxd6 Rxb4 43. Bxg4 Kf7 44.
Kd2 Kg7 45. Kc3 Rb1 46. Re6 Bd5 47. Re5 Rb3+ 48. Kc2 Rxg3 49. Be6 Bxe6 50. Rxe6 Kf7 51. Re5 Rf3 52. Re4 Ra3 53. Kb2 Rd3 54. Kc2 Ra3 55.
d5 Ra5 56. Rd4 Ke7 57. Kd3 Kd6 58. Ke4 Ra1 59. Kf3 Ra5 60. Rb4 Rxd5 61. Rb6+ Ke7 62. Rxg6 Kf7 63. Ra6 Rb5 64. Kg4 Rc5 65. Rh6 Kg7 66.
Rh5 Rc6 67. Rd5 Kf7 68. Kg5 Kg7 69. Rd7+ Kg8 70. f5 Kf8 71. Rh7 Kg8 72. Rh6 Rxh6 73.
Kxh6 Kf7 74. Kg5 Kg7 75. f6+ Kf7 76. Kf5 Kf8 77. Ke5 Kf7 78. Kf5 Kf8 79. Kg6 Kg8 80.
Kh6 Kf7 81. Kg5 Kf8 82. Kf5 Kf7 83. Ke5 Kf8 84. Ke6 Ke8 85. f7+ Kf8 86. Kf6 1/2-1/2

[Event "*** Titled Tuesday 3|2 Blitz"]
[Site "Chess.com"]
[Date "2016.08.02"]
[Round "9"]
[White "MinhGTrAn"]
[Black "platy3"]
[Result "1-0"]
[WhiteElo "2624"]
[BlackElo "2691"]
[TimeControl "180+2"]
[EndTime "13:06:19 PDT"]
[Termination "MinhGTrAn won on time"]

1. d4 Nf6 2. c4 c5 3. d5 e6 4.
Nc3 exd5 5. cxd5 d6 6. Nf3 g6 7. g3 Bg7 8. Bg2 O-O 9. O-O a6 10. a4 Re8 11. Nd2 Nbd7 12. h3 Rb8 13. a5 b5 14.
axb6 Nxb6 15. e4 Nfd7 16. Qc2 Qc7 17. Kh2 c4 18. Na4 Nxa4 19. Rxa4 Nc5 20. Rxc4 a5 21.
Nb3 Ba6 22. Rxc5 dxc5 23. Rd1 a4 24. Nd4 Rbc8 25. Nc6 Bb5 26. Bf4 Qb7 27. e5 Qb6 28. Re1 c4 29. Be3 Qa6 30. Bd4 Rxc6 31. dxc6 Bxc6 32.
Bc3 Bxg2 33. Kxg2 Qc6+ 34. Qe4 Qb5 35. Qd4 Qc6+ 36. Qe4 Qb5 37. Re2 Bf8 38. Rd2 a3 39. bxa3 Bxa3 40. Rd4 Bf8 41. Rxc4 Bg7 42. Rb4 Qc5 43.
Qc4 Qa7 44. Qd5 Qa8 45. Rb7 Re7 46. Rd7 Qxd5+ 47. Rxd5 h5 48. f4 Rc7 49. Rd3 Bf8 50.
Kf3 Rc4 51. Bd4 Be7 52. Ke4 Kf8 53. Kd5 Ra4 54. Rb3 Ra5+ 55. Ke4 Ra4 56. Rb8+ Kg7 57. e6+ f6 58. Rb7 Kf8 59. Rb8+ Kg7 60. Kd5 Ra6 61.
Rb6 Ra8 62. Rb7 Kf8 63. Bc5 Ra5 64. Rxe7 Rxc5+ 65. Kxc5 Kxe7 66. Kd5 Kd8 67. Kd6 Ke8 68. g4 hxg4 69. hxg4 f5 70. gxf5 gxf5 71. Ke5 1-0

[Event "*** Titled Tuesday 3|2 Blitz"]
[Site "Chess.com"]
[Date "2016.08.02"]
[Round "9"]
[White "bugsbunny444"]
[Black "fpawn"]
[Result "1-0"]
[WhiteElo "2296"]
[BlackElo "2202"]
[TimeControl "180+2"]
[EndTime "13:06:44 PDT"]
[Termination "bugsbunny444 won by resignation"]

1. Nf3 d5 2. c4 c6 3. g3 e6 4. Bg2 Nd7 5. O-O Ngf6 6. b3 Be7 7. d4 Ne4 8. Nfd2 Nxd2 9. Nxd2 O-O 10. e4 dxe4 11.
Nxe4 b6 12. Bf4 Bb7 13. Nd6 Bxd6 14. Bxd6 Re8 15. Re1 Nf6 16. Be5 Rc8 17. Qf3 Nd7 18.
Rad1 Ba8 19. c5 Nf6 20. Bxf6 Qxf6 21. Qxf6 gxf6 22. f4 Red8 23. b4 Rd7 24. Bf3 Rcd8 25.
a3 Kf8 26. Kf2 Ke7 27. Ke3 Bb7 28. Rd2 e5 29. Red1 exd4+ 30. Rxd4 bxc5 31. bxc5 h6 32. Bh5 Rxd4 33. Rxd4 Rxd4 34. Kxd4 Bc8 35. h4 Be6 36. Bf3 Kd7 37. Kc3 Ba2 38. Kb4 Kc7 39.
Kc3 Be6 40. Kd4 Kd7 41. Be4 Ba2 42. Bh7 Bb3 43. Bf5+ Kc7 44. Bh7 Be6 45. Ke4 Kd8 46. Kd4 Kc7 47. Bc2 Kd7 48. Ba4 Kc7 49. Kc3 Kd7 50. Kb4 Kc7 51. Ka5 Kb7 52. Bd1 Bc4 53.
Bh5 Kc7 54. Kb4 Be6 55. Kc3 Kd7 56. Kd4 Ba2 57. Bg4+ Kc7 58. Bf5 Bb3 59. Ke4 Kd8 60. Kf3 Bd1+ 61. Ke3 Bb3 62. Be4 Kd7 63. Kf3 Bd1+ 64.
Ke3 Bb3 65. Bf3 Ba2 66. Be2 Bd5 67. Bg4+ Kc7 68. Bh5 Ba2 69. Be2 Bd5 70. f5 Kd7 71.
Kf4 Ba2 72. Kg4 Bb1 73. Kh5 Bxf5 74. Kxh6 Be4 75. Kg7 Ke7 76. h5 Ke6 77. Bc4+ Ke5 78. Bxf7 Kd4 79. h6 Kxc5 80. Bg6 1-0

[Event "*** Titled Tuesday 3|2 Blitz"]
[Site "Chess.com"]
[Date "2016.08.02"]
[Round "9"]
[White "eltenedor"]
[Black "shivakaka"]
[Result "0-1"]
[WhiteElo "2011"]
[BlackElo "2117"]
[TimeControl "180+2"]
[EndTime "13:07:00 PDT"]
[Termination "shivakaka won by resignation"]

1. c4 Nf6 2. g3 e6 3. Bg2 d5 4. d4 Be7 5. Nf3 O-O 6. Nbd2 c6 7. O-O Nbd7 8. Qc2 b6 9. e4 dxe4 10. Nxe4 Nxe4 11. Qxe4 Bb7 12. Ne5 Qc8 13. Nxc6 Bf6 14.
Ne7+ Bxe7 15. Qxb7 Qxb7 16. Bxb7 Rab8 17. Bc6 Rfd8 18. b3 Bf6 19. Bb2 Nc5 20. Rad1 Na6 21.
a3 Rd6 22. Bg2 Rbd8 23. Bb7 Nc7 24. Kg2 Bxd4 25. Bxd4 Rxd4 26. Bf3 Kf8 27. Rfe1 Rd3 28. Be2 Rd2 29. Kf1 Ke7 30. Rxd2 Rxd2 31. Bd1 Kd6 32.
b4 e5 33. Be2 f6 34. Rd1 Rxd1+ 35. Bxd1 Ne6 36. Bc2 a5 37. Bxh7 axb4 38. axb4 Nd4 39. Ke1 Nc6 40. b5 Nd4 41. Kd2 Kc5 42. Kc3 Nf3 43.
h4 Nd4 44. Bd3 Ne6 45. Be2 Kd6 46. Kd3 Nc5+ 47. Ke3 f5 48. h5 Ke6 49. f3 Kf6 50. g4 f4+ 51. Kd2 g6 52. hxg6 Kxg6 53. Bd3+ Kg5 54. Bf5 Kf6 55. Kc3 Kg5 56. Kd2 Kh6 57. Ke2 Kg7 58. Bd7 Nxd7 59. c5 bxc5 60. Kd3 Kf6 61.
Kc4 Ke6 62. b6 Nxb6+ 63. Kxc5 Nd5 64. Kc4 Ne3+ 65. Kd3 Ng2 66. Ke2 Nh4 67. Kf2 Kf6 68. Ke2 e4 69. fxe4 Ke5 70. g5 Kxe4 71. Kf2 Kf5 72.
g6 Kxg6 73. Kf1 Kg5 74. Kf2 Kg4 75. Kf1 Kg3 76. Kg1 f3 77. Kh1 Ng2 78. Kg1 f2+ 79.
Kf1 Ne3+ 0-1

[Event "*** Titled Tuesday 3|2 Blitz"]
[Site "Chess.com"]
[Date "2016.08.02"]
[Round "9"]
[White "Journey_to_GrandMaster_YT"]
[Black "ChadaevNikolay"]
[Result "1/2-1/2"]
[WhiteElo "2435"]
[BlackElo "2519"]
[TimeControl "180+2"]
[EndTime "13:07:34 PDT"]
[Termination "Game drawn by 50-move rule"]

1. d4 b5 2. Nf3 b4 3. e4 a5 4.
Bd3 Bb7 5. O-O g6 6. a3 Bg7 7. axb4 axb4 8. Rxa8 Bxa8 9. Bd2 Nf6 10. Re1 c5 11.
dxc5 Nc6 12. c3 bxc3 13. Bxc3 O-O 14. b4 d6 15. b5 Na7 16. c6 Qb8 17. Na3 Rc8 18.
Qa4 Nxc6 19. bxc6 Bxc6 20. Qb4 Qa8 21. Nb1 Rb8 22. Qc4 d5 23. exd5 Bxd5 24. Qf4 Nh5 25. Qe3 Rxb1 26. Rxb1 Bxc3 27. Bxg6 hxg6 28. Qxc3 Bxf3 29. Qxf3 Qxf3 30. gxf3 Kg7 31. Rb4 e5 32. Kf1 Nf4 33. Ra4 f5 34. Ra6 Kf7 35. Ke1 Kg7 36.
Kd2 Kf7 37. Ke3 Kg7 38. Ra4 Kf6 39. Ra6+ Kf7 40. Kd2 Kg7 41. Kc3 Nh3 42. Kc4 Nxf2 43. Kd5 e4 44. f4 Nd3 45. Ra7+ Kh6 46. Kd4 Nxf4 47. Ke5 Nd3+ 48. Kf6 e3 49. Re7 f4 50. h3 Nf2 51. Re8 Kh7 52. Re7+ Kg8 53. Kxg6 Kf8 54. Rf7+ Ke8 55. Rf5 Nxh3 56. Kh5 Kd7 57. Kg4 e2 58.
Re5 Nf2+ 59. Kf3 Nd3 60. Rxe2 Nc5 61. Kxf4 Ne6+ 62. Ke5 Nc7 63. Rd2+ Kc6 64. Rc2+ Kd7 65. Rh2 Kc6 66. Rh6+ Kc5 67. Rh1 Kc6 68. Rd1 Nb5 69.
Rc1+ Kd7 70. Kd5 Nc7+ 71. Ke5 Nb5 72. Rc2 Nc7 73. Rd2+ Kc6 74. Rd6+ Kc5 75. Rd7 Kc6 76. Rh7 Nb5 77. Rh8 Nc7 78. Rh1 Kd7 79. Rb1 Kc6 80. Rb2 Kd7 81. Rb6 Ke7 82. Kd4 Kd7 83. Kc5 Ne6+ 84.
Kd5 Nc7+ 85. Ke5 Ke7 86. Rd6 Ne8 87. Rh6 Ng7 88. Ra6 Kf7 89. Rf6+ Ke7 90. Rg6 Kf7 91.
Ra6 Nh5 92. Ra7+ Kg6 93. Ra1 Ng7 94. Rf1 Nh5 95. Rg1+ Kf7 96. Ra1 Ng7 97. Ra6 Nh5 98. Ra7+ Kg6 99. Ke6 Ng7+ 100. Ke5 Nh5 101. Ra2 Ng7 102. Rf2 Nh5 103. Rf8 Ng7 104. Rf6+ Kg5 105. Ra6 Nh5 106. Ra1 Kg6 107. Ke6 Ng7+ 108. Ke7 Nf5+ 109. Ke6 Ng7+ 110. Ke5 Nh5 111. Rg1+ Kf7 112. Rg5 Ng7 113. Rg4 Nh5 114.
Ra4 Ng7 115. Ra6 Nh5 116. Rh6 Ng7 117. Rf6+ Ke7 118. Rf1 Ne8 119. Ra1 Kd7 120. Rd1+ Kc6 121. Rd8 Nc7 122. Rd6+ 1/2-1/2

[Event "*** Titled Tuesday 3|2 Blitz"]
[Site "Chess.com"]
[Date "2016.08.02"]
[Round "9"]
[White "cabalista"]
[Black "ChessWarrior7197"]
[Result "1/2-1/2"]
[WhiteElo "2342"]
[BlackElo "2475"]
[TimeControl "180+2"]
[EndTime "13:07:49 PDT"]
[Termination "Game drawn by stalemate"]

1. e4 c5 2. Nf3 d6 3. d4 cxd4 4. Nxd4 Nf6 5. Nc3 a6 6. Bc4 e6 7. Bb3 Nbd7 8. Bg5 h6 9. Bxf6 Nxf6 10. O-O Be7 11. f4 Qc7 12. a4 O-O 13. Kh1 b6 14. f5 e5 15. Nde2 Bb7 16. Ng3 Rac8 17. Qe2 Qb8 18.
Nh5 Qa8 19. Nxf6+ Bxf6 20. Nd5 Bxd5 21. Bxd5 Qa7 22. c3 Rfd8 23. Rf3 Kf8 24. g3 Ke7 25. h4 h5 26. Rd3 Rh8 27. Rd2 Rh6 28. Bc4 a5 29. Rad1 Rd8 30. Qd3 Qb7 31. Qd5 Qxd5 32.
Rxd5 g5 33. fxg6 Rxg6 34. R1d3 Rg4 35. Re3 Kd7 36. Be2 Rg7 37. Bxh5 Rh8 38. g4 Bxh4 39. b4 Bd8 40. Rh3 Bc7 41. Kg2 Rc8 42. Rdd3 Bd8 43.
Rhf3 Ke7 44. Kg3 Ke6 45. Rf5 f6 46. g5 Rxg5+ 47. Rxg5 Rc4 48. Rg4 axb4 49. cxb4 Rxb4 50. Bg6 Rxa4 51. Bf5+ Kf7 52. Rxd6 Ra3+ 53. Kh4 Be7 54.
Rd7 b5 55. Rg7+ Kxg7 56. Rxe7+ Kf8 57. Rb7 Ra1 58. Kh5 Rg1 59. Bg4 Re1 60. Bf5 Rg1 61. Rxb5 Rg5+ 62. Kh6 Rg1 63. Rb7 Rg2 64. Bg6 Rh2+ 65.
Bh5 Rh4 66. Rf7+ Ke8 67. Rxf6+ Ke7 68. Rf7+ Ke6 69. Kg5 Rxh5+ 70. Kxh5 Kxf7 71. Kg5 Ke6 72. Kg6 Kd6 73. Kf6 Kd7 74. Kf5 Kd6 75. Kf6 Kd7 76. Kg6 Ke6 77. Kg5 Kd6 78. Kf6 Kd7 79. Kf7 Kd6 80.
Kf6 Kd7 81. Kxe5 Ke7 82. Kd5 Kd7 83. Ke5 Ke7 84. Kf5 Kf7 85. Kf4 Kf6 86. Ke3 Ke5 87. Kd3 Ke6 88. Kd4 Kd6 89. e5+ Ke6 90.
Ke4 Ke7 91. Kd5 Kd7 92. e6+ Ke7 93. Ke5 Ke8 94. Kf5 Ke7 95. Ke5 Ke8 96. Kd5 Ke7 97.
Ke5 Ke8 98. Kd6 Kd8 99. Ke5 Ke7 100. Kf5 Ke8 101. Kg6 Ke7 102. Kf5 Ke8 103. Kf6 Kf8 104. e7+ Ke8 105. Ke6 1/2-1/2

[Event "*** Titled Tuesday 3|2 Blitz"]
[Site "Chess.com"]
[Date "2016.08.02"]
[Round "9"]
[White "fireheart92"]
[Black "DanielNaroditsky"]
[Result "0-1"]
[WhiteElo "2405"]
[BlackElo "2671"]
[TimeControl "180+2"]
[EndTime "13:07:56 PDT"]
[Termination "DanielNaroditsky won by resignation"]

1. d4 Nf6 2. Nf3 d5 3. Bf4 c5 4. e3 Qb6 5. Nc3 cxd4 6. Nb5 Na6 7. exd4 Bg4 8. h3 Bxf3 9. Qxf3 e6 10. O-O-O Ne4 11.
Kb1 Nd6 12. Qb3 Rd8 13. Nxd6+ Bxd6 14. Qxb6 axb6 15. Bb5+ Ke7 16. Bg5+ f6 17. Bd2 Nc7 18. Bd3 Kf7 19. Rhe1 Rhe8 20. c3 g6 21. Re2 e5 22.
dxe5 fxe5 23. Bc2 Bc5 24. Bg5 Rd7 25. a4 Bf8 26. f4 h6 27. Bh4 exf4 28. Rxe8 Nxe8 29.
b4 Bg7 30. Rd3 Nc7 31. Bf2 Rd6 32. c4 d4 33. c5 bxc5 34. bxc5 Rd7 35. Bb3+ Ke7 36.
Bc4 Ne6 37. Bb5 Nxc5 38. Rf3 Rd6 39. Rxf4 Be5 40. Rf3 Ne4 41. Kc2 Nc5 42. Be1 Rd8 43. Bb4 Bd6 44. Bxc5 Bxc5 45. Kd3 b6 46. Bc4 Rd6 47.
Rf7+ Kd8 48. g4 g5 49. Rf8+ Ke7 50. Rf7+ Ke8 51. Rf5 Bb4 52. Rd5 Rxd5 53. Bxd5 Bc3 54. Bc6+ Ke7 55. Ke4 Kd6 56. Bb5 Kc5 57. Kd3 Kb4 58.
Kc2 Be1 59. Be8 Kc4 60. Bb5+ Kd5 61. Kd3 Ke5 62. Bc6 Bc3 63. Bg2 Kf4 64. Ke2 Kg3 65. Bf1 Bb4 66. Kd3 Kf2 67. Be2 Bc3 68. Bd1 Kg2 69. Ke2 Kxh3 70. Kd3 Kg3 71. Be2 Kf4 72. Bd1 Ke5 73. Bf3 Bb2 74. Bd1 Ba1 75. Be2 Bc3 76. Bd1 Bb4 77. Be2 Bf8 78. Bd1 Bg7 79. Be2 Kf4 80. Bd1 h5 81. gxh5 g4 82. Ke2 Kg3 83.
Kf1 d3 84. Kg1 Bh6 85. Kf1 Be3 86. Bb3 Kh2 87. Be6 g3 88. Bd5 Bf4 89. Be4 d2 90. Ke2 g2 91. Bxg2 Kxg2 0-1

[Event "*** Titled Tuesday 3|2 Blitz"]
[Site "Chess.com"]
[Date "2016.08.02"]
[Round "9"]
[White "petrpalachev"]
[Black "MateusViageiro"]
[Result "1/2-1/2"]
[WhiteElo "2413"]
[BlackElo "2288"]
[TimeControl "180+2"]
[EndTime "13:08:15 PDT"]
[Termination "Game drawn by agreement"]

1. d4 Nf6 2. c4 e6 3. Nc3 Bb4 4. e3 O-O 5. Bd3 b6 6. Nf3 Bb7 7.
O-O d5 8. cxd5 exd5 9. a3 Be7 10. b4 Nbd7 11. Qb3 a6 12. a4 Rb8 13. Ba3 c5 14. bxc5 bxc5 15. Qa2 c4 16. Bf5 g6 17. Bh3 Bc6 18. Nd2 Nb6 19. Rab1 Bd7 20. Bxd7 Qxd7 21. Rfe1 Rfe8 22. e4 Nxa4 23. Rxb8 Rxb8 24. Nxd5 Nxd5 25. exd5 Bxa3 26. Qxa3 c3 27. Ne4 Qf5 28. Nxc3 Nxc3 29. Qxc3 Qxd5 30. h4 Rd8 31. Rd1 a5 32. g3 h5 33. Ra1 Qxd4 34. Qxa5 Qd5 35. Qe1 Qd2 36. Qe7 Qd6 37. Qg5 Qd2 38. Qb5 Qd3 39. Qb2 Qd4 40. Qb1 Qd3 41. Qe1 Qd2 42. Qf1 Qd3 43. Qh3 Qd7 44.
Qh2 Qd4 45. Rf1 Re8 46. Qg2 Qe4 47. Qh3 f5 48. Rc1 Qf3 49. Qf1 Re2 50. Re1 Rxe1 51. Qxe1 Qc6 52. Qe7 Qb6 53. Kg2 Qc6+ 54. Kh2 Qb6 55.
Qe8+ Kg7 56. Qd7+ Kf6 57. Qd2 Qe6 58. Kg2 Qe4+ 59. f3 Qe5 60. Qd8+ Kf7 61. Qd7+ Kf6 62. Qd2 Qe6 63. Kf2 Qb6+ 64. Ke2 Qb5+ 65. Qd3 Qb2+ 66. Ke3 Qc1+ 67. Kf2 Qb2+ 68. Qe2 Qd4+ 69. Qe3 Qb2+ 70. Qe2 Qd4+ 71. Kg2 Qd5 72. Qa6+ Kf7 73. Qa7+ Kf6 74. Qb6+ Kf7 75. Qb2 Qe6 76. Kf2 Qd5 77. Ke3 Qc5+ 78. Ke2 Qc4+ 79. Ke3 Qc5+ 80. Qd4 Qc1+ 81. Ke2 Qc2+ 82.
Qd2 Qc4+ 83. Qd3 Qe6+ 84. Kf1 Qe5 85. Qc4+ Kf6 86. Qa6+ Kf7 87. Qa2+ Kf6 88. Qf2 Qa1+ 89. Kg2 Qc3 90. Qe2 Qc5 91. Qe8 Qc2+ 92. Kh3 Qd1 93. Qf8+ Ke6 94. Qg8+ Kf6 95. Qh8+ Kf7 96. Qh7+ Kf6 97.
Qh8+ Kf7 1/2-1/2